 Dungeon Crawl Stone Soup version 0.29.1-12-g30fa7ad0bf (webtiles) character file.

Game seed: 8124566532197673063

318 soggyman666 the Magician (level 6, -2/40 HPs)
             Began as a Djinni Fire Elementalist on Dec 25, 2022.
             Slain by a gnoll
             ... wielding a +0 whip
              (5 damage)
             ... on level 4 of the Dungeon.
             The game lasted 00:08:54 (5750 turns).

soggyman666 the Magician (Djinni Fire Elementalist) Turns: 5750, Time: 00:08:55

Health: -2/40      AC:  9    Str:  7    XL:     6   Next: 74%
Gold:   166        EV: 13    Int: 18    God:
                   SH:  0    Dex: 14

rFire   + + .      SeeInvis .   (no weapon)
rCold   x . .      Faith    .   (no shield)
rNeg    + . .      Spirit   .   a - +0 robe
rPois   ∞          Reflect  .   e - +2 hat
rElec   .          Harm     .   (no cloak)
rCorr   .          Rampage  .   n - +0 pair of gloves
Will    .....                   (boots unavailable)
Stlth   ++........              (no amulet)
HPRegen 0.13/turn               i - +4 ring of protection
MPRegen 0.00/turn               k - ring of positive energy

@: flying
A: sickness immunity, fire resistance 2, cold vulnerability 1, float, innate
caster, HP casting, extra vitality 1
a: no special abilities


You were on level 4 of the Dungeon.
You visited 1 branch of the dungeon, and saw 4 of its levels.

You collected 166 gold pieces.

Inventory:

Armour
 a - a +0 robe (worn)
 e - a +2 hat (worn)
 n - a +0 pair of gloves (worn)
Magical Staves
 u - a staff of death
Jewellery
 i - a +4 ring of protection (left hand)
 k - a ring of positive energy (right hand)
 w - an amulet of faith
Scrolls
 c - 2 scrolls of teleportation
 d - a scroll of butterflies {unknown}
 g - a scroll of magic mapping {unknown}
 o - a scroll of enchant weapon
 p - a scroll of enchant armour {unknown}
 s - a scroll of fear {unknown}
 t - a scroll of noise {unknown}
 v - a scroll of identify
Potions
 b - a potion of heal wounds {unknown}
 f - a potion of lignification {unknown}
 h - a potion of invisibility {unknown}
 j - a potion of might {unknown}
 l - a potion of ambrosia {unknown}
 m - 3 potions of curing
 q - a potion of berserk rage {unknown}
 r - a potion of degeneration {unknown}


   Skills:
 + Level 3.1 Dodging
 + Level 2.5 Stealth
 + Level 4.9 Spellcasting


You couldn't memorise any spells.
You knew the following spells:

 Your Spells              Type           Power      Damage    Failure   Level
a - Foxfire               Conj/Fire      88%        2x1d8     1%          1
b - Scorch                Fire           44%        2d7       2%          2
c - Conjure Flame         Conj/Fire      22%        6-21      5%          3
d - Inner Flame           Hex/Fire       22%        N/A       5%          3
e - Flame Wave            Conj/Fire      22%        2d8       19%         4
f - Sting                 Tmut/Pois      88%        1d7       1%          1
g - Call Imp              Summ           22%        N/A       2%          2
Your spell library was empty.

Dungeon Overview and Level Annotations

Branches:
Dungeon (4/15)
 Temple: D:4-7

Altars:
Dithmenos
Uskayaw


Innate Abilities, Weirdness & Mutations

You are immune to sickness and miasma.
You are immune to poison.
Your flesh is very heat resistant. (rF++)
You are vulnerable to cold. (rC-)
You float through the air rather than walking.
You learn spells naturally, not from books.
Your magical power is your life essence.
You have superior vitality. (+4 MHP)


Message History

Flames lash the gnoll.
The gnoll is lightly wounded.
The gnoll's fire resistance burns away.
The gnoll barely misses you. x2
Casting: Scorch (safe; 2% risk of failure)
Confirm with . or Enter, or press ? or * to list all spells.
Aiming: Inner Flame (dangerous; 5% risk of failure)
Press: ? - help, Dir - move target, f/p - gnoll
Aim: a gnoll, wielding a +0 club (lightly wounded, more vulnerable to fire, chance to affect: 84%)
The gnoll is filled with an inner flame.
The gnoll barely misses you. The gnoll hits you with a +0 whip!
The gnoll misses you.
Casting: Inner Flame (dangerous; 5% risk of failure)
Confirm with . or Enter, or press ? or * to list all spells.
Flames lash the gnoll.
The gnoll is almost dead.
The gnoll's fire resistance burns away.
The gnoll hits you from afar with a +0 halberd.
An endoplasm comes into view.
The gnoll hits you with a +0 whip. The gnoll closely misses you.
Casting: Scorch (safe; 2% risk of failure)
Confirm with . or Enter, or press ? or * to list all spells.
Flames lash the gnoll.
The gnoll is severely wounded.
The gnoll's fire resistance burns away.
The gnoll is no longer more vulnerable to fire.
The gnoll hits you from afar with a +0 halberd!
* * * LOW HITPOINT WARNING * * *
The gnoll completely misses you. The gnoll misses you.
Casting: Scorch (safe; 2% risk of failure)
Confirm with . or Enter, or press ? or * to list all spells.
Flames lash the gnoll.
The gnoll is burned terribly!
You kill the gnoll!
* * * LOW HITPOINT WARNING * * *
An endoplasm comes into view.
The gnoll barely misses you. The gnoll hits you with a +0 whip.
* * * LOW HITPOINT WARNING * * *
The gnoll attacks as you move away! The gnoll hits you with a +0 club.
* * * LOW HITPOINT WARNING * * *
The gnoll attacks as you move away! The gnoll hits you with a +0 whip.
You die...

.≈.'.. #..# .# .§. ..
### #..# ..# #.≈≈≈.##.
..J###J.##..# #.g. ##.
#.#........# ### ..
###.......... #.. #.
...........
....#..###. #..)gg.#
..##>....... #@.#
...##.#.....#
#..##...##.#..##.# #
#..##.........##.#
#.###.................
#.....................
#..............#.###..
#.......##............
#.......###.#...###...
######..........# #...


You could see 2 gnolls and 2 endoplasms.

Vanquished Creatures
  A hound (D:4)
  An orc priest (D:3)
  A gnoll bouda (D:4)
  2 orc wizards
  5 gnolls (D:4)
  3 adders
  2 worms
  3 dart slugs
  9 orcs
  8 ball pythons
  4 bats (D:1)
  5 endoplasms
  9 giant cockroaches
  2 goblins
  5 hobgoblins
  2 jackals (D:1)
  5 quokkas
  6 frilled lizards
  3 kobolds
  8 rats
84 creatures vanquished.

Vanquished Creatures (collateral kills)
  A ball python (D:3)
1 creature vanquished.

Vanquished Creatures (others)
  345 foxfires
  4 toadstools (D:1)
349 creatures vanquished.

Grand Total: 434 creatures vanquished

Notes
Turn   | Place    | Note
-------+----------+-------------------------------------------
     0 | D:1      | soggyman666 the Djinni Fire Elementalist began the quest
                  | for the Orb.
     0 | D:1      | soggyman666 set off with the following spells memorised:
                  | Foxfire, Scorch, Conjure Flame, Inner Flame, Flame Wave.
     0 | D:1      | Reached XP level 1. HP: 15/15 MP: 0/0
   190 | D:1      | Reached XP level 2. HP: 11/21 MP: 0/0
   688 | D:1      | Reached skill level 3 in Spellcasting
   815 | D:1      | Found a faded altar of an unknown god.
   840 | D:1      | Reached XP level 3. HP: 23/25 MP: 0/0
   840 | D:1      | Learned a level 1 spell: Sting
  1376 | D:1      | You are sucked into a shaft and drop 1 floor!
  1683 | D:2      | Found a hide-covered altar of Uskayaw.
  1933 | D:2      | Reached XP level 4. HP: 26/31 MP: 0/0
  3056 | D:3      | Reached XP level 5. HP: 29/35 MP: 0/0
  3056 | D:3      | Learned a level 2 spell: Call Imp
  3127 | D:3      | Reached skill level 4 in Spellcasting
  4650 | D:4      | Reached XP level 6. HP: 27/40 MP: 0/0
  4877 | D:4      | Found a shadowy altar of Dithmenos.
  5750 | D:4      | Slain by a gnoll

Illustrated notes

Levels and vault maps discovered:
D:1:      ldierk_walled_garden_2, layout_rooms, nicolae_ecumenical_lake_church,
          chequers_serial_rivers_micro_a
D:2:      minmay_alternating_diamond, layout_rooms, basic_altar,
          minmay_worlds_worst_comb
D:3:      layout_basic, kennysheep_decorative_pillar, minmay_strange_pillars
D:4:      layout_basic, mainiacjoe_overflow_catwalk,
          mainiacjoe_overflow_alcove_4

Skill      XL: |  1  2  3  4  5 |
---------------+----------------+-----
Spellcasting   | 3 4 |  4.9
Stealth        | 2 |  2.5
Dodging        | 3 |  3.1

Action                   |  1- 3 |  4- 6 || total
-------------------------+-------+-------++-------
Melee: Unarmed           |       |     1 ||     1
 Cast: Foxfire           |   101 |   109 ||   210
       Scorch            |     4 |    30 ||    34
       Sting             |       |     1 ||     1
       Flame Wave        |       |     1 ||     1
       Call Imp          |       |     3 ||     3
       Inner Flame       |       |    10 ||    10
  Use: Scroll            |       |     5 ||     5
Armor: Robe              |       |     8 ||     8
Dodge: Dodged            |       |    16 ||    16
